 Seeded DCSS version 0.30-a0-777-ga9a30cb (webtiles) character file.

Game seed: 8324729408565558965 (custom seed)

307152 PurpleRed the Stormcaller (level 21, -4/136 HPs)
             Began as a Tengu Fighter on Feb 13, 2023.
             Was the Champion of Cheibriados.
             Killed from afar by a wizard (40 damage)
             ... with a fireball
             ... on level 1 of the Vaults on Feb 14, 2023.
             The game lasted 03:30:24 (32136 turns).

PurpleRed the Stormcaller (Tengu Fighter)          Turns: 32136, Time: 03:30:24

Health: -4/136     AC: 15    Str: 25    XL:     21   Next: 18%
Magic:  17/41      EV: 37    Int: 49    God:    Cheibriados [******]
Gold:   857        SH: 12    Dex: 42    Spells: 2/50 levels left

rFire   . . .      SeeInvis +    W - +2 demon blade (flame)
rCold   + + +      Faith    .    H - +2 buckler
rNeg    + + .      Spirit   .    a - +5 robe of Night {Dark Will+ SInv}
rPois   +          Reflect  .    h - +2 hat "Yxkeefan" {Str+4}
rElec   .          Harm     .    A - +2 ratskin cloak {*Rats rPois rN+ Str-1 Int-1 Dex+1}
rCorr   +          Rampage  .    I - +2 pair of gloves of Plasticity {Contam Str-5 Int+8 Dex+5}
Will    ++...                    (boots unavailable)
Stlth   +++                      q - amulet of regeneration
HPRegen 1.22/turn                G - ring "Gynt" {rC+++ rN+ Str-5 Int+6 Slay+6}
MPRegen 0.27/turn                C - ring of Accord {rPois rCorr Int+3 Dex+6}

@: flying quickly and evasively, studying 2 skills, very slow
A: beak, talons 3, nimble flight, deformed body
}: 2/15 runes: serpentine, barnacled
a: Renounce Religion, Bend Time, Temporal Distortion, Slouch, Step From Time


You were on level 1 of the Vaults.
You worshipped Cheibriados.
Cheibriados was exalted by your worship.
You visited 8 branches of the dungeon, and saw 35 of its levels.
You visited 1 bazaar.
You also visited: Bailey, Gauntlet and Ice Cave.

You collected 5274 gold pieces.
You spent 4417 gold pieces at shops.

Inventory:

Hand Weapons
 k - a +0 triple sword of holy wrath
 p - a +2 scimitar of holy wrath
 S - a +2 vampiric scimitar
 W - a +2 demon blade of flaming (weapon)
Missiles
 E - 9 curare-tipped darts (quivered)
 L - 25 javelins
Armour
 a - the +5 robe of Night (worn) {Dark Will+ SInv}
   (You took it off a deep elf elementalist on level 3 of the Elven Halls)

   Dark:      It shrouds the wearer in darkness, reducing the range at which
   they can see and be seen by others.
   SInv:      It lets you see invisible.
   Will:      It increases your willpower.
 h - the +2 hat "Yxkeefan" (worn) {Str+4}
   (You acquired it on level 6 of the Dungeon)

   Str:       It affects your strength (+4).
 j - +2 pearl dragon scales
 u - the +1 ring mail "Hecohoan" {rElec rCorr Int+3}
   (You found it in a Gauntlet)

   Int:       It affects your intelligence (+3).
   rElec:     It insulates you from electricity.
   rCorr:     It protects you from acid and corrosion.
 A - the +2 ratskin cloak (worn) {*Rats rPois rN+ Str-1 Int-1 Dex+1}
   (You found it on level 3 of the Dungeon)

   *Rats:     When the wearer is hurt, rats may emerge from it to assist them.
   Str:       It affects your strength (-1).
   Int:       It affects your intelligence (-1).
   Dex:       It affects your dexterity (+1).
   rPois:     It protects you from poison.
   rN:        It protects you from negative energy.
 H - a +2 buckler (worn)
 I - the +2 pair of gloves of Plasticity (worn) {Contam Str-5 Int+8 Dex+5}
   (You found it on level 2 of the Elven Halls)

   Str:       It affects your strength (-5).
   Int:       It affects your intelligence (+8).
   Dex:       It affects your dexterity (+5).
   Contam:    It causes magical contamination when unequipped.
 N - the +3 salamander hide armour {Flames, rFlCloud rF++ rC--}
   (You found it on level 2 of the Snake Pit)

   Flames:    It surrounds you with flame clouds and enhances your fire magic.
   rFlCloud:  It grants immunity to flame clouds.
   rF:        It greatly protects you from fire.
   rC:        It makes you very vulnerable to cold.
 T - a +2 robe of resistance
 V - a scarf of resistance
Magical Staves
 b - a staff of air
Jewellery
 l - a ring of willpower
 n - a ring of see invisible
 o - a ring of positive energy
 q - an amulet of regeneration (around neck)
 B - a ring of protection from fire
 C - the ring of Accord (right hand) {rPois rCorr Int+3 Dex+6}
   (You bought it in a shop on level 2 of the Orcish Mines)

   [ring of dexterity]

   Int:       It affects your intelligence (+3).
   Dex:       It affects your dexterity (+6).
   rPois:     It protects you from poison.
   rCorr:     It protects you from acid and corrosion.
 G - the ring "Gynt" (left hand) {rC+++ rN+ Str-5 Int+6 Slay+6}
   (You took it off a deep elf pyromancer on level 3 of the Elven Halls)

   [ring of intelligence]

   Str:       It affects your strength (-5).
   Int:       It affects your intelligence (+6).
   Slay:      It affects your accuracy & damage with ranged weapons and melee
   (+6).
   rC:        It renders you almost immune to cold.
   rN:        It protects you from negative energy.
 M - an amulet of magic regeneration
Wands
 y - a wand of light (10)
 X - a wand of digging (3)
 Y - a wand of iceblast (13)
Scrolls
 c - 5 scrolls of magic mapping
 e - 7 scrolls of enchant weapon
 f - 5 scrolls of amnesia
 g - 4 scrolls of enchant armour
 m - 11 scrolls of teleportation
 t - 20 scrolls of identify
 D - a scroll of butterflies
 J - 3 scrolls of immolation
 O - 14 scrolls of poison
 P - 2 scrolls of blinking
 Q - 3 scrolls of fear
 U - a scroll of silence
 Z - 5 scrolls of fog
Potions
 d - 8 potions of might
 i - 4 potions of heal wounds
 r - 13 potions of curing
 s - 4 potions of cancellation
 v - 5 potions of brilliance
 w - 6 potions of attraction
 x - 4 potions of invisibility
 z - 5 potions of ambrosia
 F - 4 potions of mutation
 K - 2 potions of resistance
 R - 2 potions of magic


   Skills:
 - Level 16.0 Fighting
 - Level 14.0 Long Blades
 - Level 2.1 Polearms
 - Level 6.0 Armour
 - Level 12.0 Dodging
 - Level 10.0 Shields
 - Level 15.0 Spellcasting
 - Level 17.6 Conjurations
 - Level 10.0 Fire Magic
 - Level 20.0 Air Magic
 + Level 7.4 Earth Magic
 - Level 8.0 Invocations


You had 2 spell levels left.
You knew the following spells:

 Your Spells              Type           Power      Damage    Failure   Level
a - Static Discharge      Conj/Air       100%       2-7/arc   0%          2
b - Arcjolt               Conj/Air       60%        1d70      0%          5
c - Lightning Bolt        Conj/Air       60%        1d83      0%          5
d - Airstrike             Air            62%        2d(9-25)  0%          4
e - Fireball              Conj/Fire      53%        3d21      1%          5
f - Starburst             Conj/Fire      53%        6d14      1%          6
g - Iskenderun's Mystic   Conj/Tloc      89%        2d17      1%          4
h - Maxwell's Capacitive  Air            62%        ∞         1%          8
j - Iron Shot             Conj/Erth      51%        9d10      1%          6
x - Vhi's Electric Charg  Tloc/Air       100%       N/A       1%          3

Your spell library contained the following spells:

 Spells                   Type           Power      Damage    Failure   Level
 Foxfire                  Conj/Fire      100%       2x1d9     0%          1
 Poisonous Vapours        Pois/Air       100%       N/A       0%          2
 Apportation              Tloc           72%        N/A       1%          1
 Sandblast                Erth           100%       2d20      1%          1
 Passwall                 Tmut/Erth      53%        N/A       1%          2
 Mephitic Cloud           Conj/Pois/Air  100%       N/A       0%          3
 Stone Arrow              Conj/Erth      100%       3d13      0%          3
 Dazzling Flash           Conj/Hex       100%       N/A       1%          3
 Gell's Gravitas          Tloc           36%        N/A       1%          3
 Hailstorm                Conj/Ice       89%        3d18      1%          3
 Inner Flame              Hex/Fire       72%        N/A       1%          3
 Kindle Blastsparks       Fire/Tloc/Air  100%       2d18      1%          3
 Teleport Other           Tloc           36%        N/A       1%          3
 Animate Armour           Summ/Erth      100%       N/A       1%          4
 Flame Wave               Conj/Fire      100%       2d21      1%          4
 Leda's Liquefaction      Hex/Erth       32%        N/A       1%          4
 Sticky Flame             Conj/Fire      100%       2d11      1%          4
 Summon Lightning Spire   Summ/Air       94%        N/A       1%          4
 Silence                  Hex/Air        47%        N/A       1%          5
 Borgnjor's Vile Clutch   Necr/Erth      32%        N/A       4%          5
 Anguish                  Hex/Necr       18%        N/A       7%          4
 Ice Form                 Ice/Tmut       36%        N/A       7%          4
 Passage of Golubria      Tloc           36%        N/A       7%          4
 Alistair's Intoxication  Tmut/Pois      24%        N/A       19%         5
 Blade Hands              Tmut           18%        N/A       19%         5
 Statue Form              Tmut/Erth      42%        N/A       22%         6
 Lehudib's Crystal Spear  Conj/Erth      51%        10d12     26%         8
 Dispersal                Tloc           18%        N/A       71%         6
 Eringya's Noxious Bog    Tmut/Pois      18%        N/A       71%         6
 Simulacrum               Ice/Necr       18%        N/A       71%         6
 Enfeeble                 Hex            18%        N/A       99%         7


Dungeon Overview and Level Annotations

Branches:
Dungeon (15/15)            Temple (1/1) D:4            Lair (5/5) D:11
 Shoals (4/4) Lair:2        Snake (4/4) Lair:2          Orc (2/2) D:10
    Elf (3/3) Orc:2        Vaults (1/5) D:13         Depths (0/4) D:15
 Bailey (visited)           IceCv (visited)         Gauntlet (visited)
  Slime: Lair:4-5

Altars:
Ashenzari
Cheibriados
Dithmenos
Elyvilon
Fedhas
Gozag
Hepliaklqana
Kikubaaqudgha
Makhleb
Nemelex Xobeh
Okawaru
Qazlal
Ru
Sif Muna
Trog
Uskayaw
Vehumet
Wu Jian
Xom
Yredelemnul
Zin
The Shining One

Shops:
D:2 (:=   D:7 ?   Orc:1 !*!   Orc:2 =(*?   Elf:3 (   Shoals:3 *   Snake:1 :
Snake:2 :**

Portals:
Trove: Elf:1 (give +2 gold dragon scales)

Annotations:
D:8 4 transporters
D:13 Erolcha
D:15 Louise
Lair:4 Rupert
Snake:3 3 runed translucent doors, Dadghomedgh's ghost, adept GnHW


Innate Abilities, Weirdness & Mutations

You have a beak for a mouth.
You have claws for feet.
Your magical nature lets you fly swiftly and evasively.
Armour fits poorly on your strangely shaped body.


Message History

The boulder beetle stops rolling and uncurls.
The boulder beetle bites you.
* * * LOW HITPOINT WARNING * * *
You barely miss the boulder beetle. You claw the boulder beetle.
The boulder beetle is almost dead.
The boulder beetle barely misses you.
You hit the boulder beetle but do no damage.
You claw the boulder beetle, but do no damage.
The boulder beetle is almost dead.
Your hell rat bites the boulder beetle!
The boulder beetle dies!
Cheibriados thoroughly appreciates the change of pace.
Items here: )) †††.
A purple ugly thing comes into view.
A green ugly thing comes into view.
The purple ugly thing moves out of view.
Items here: )) [ †††.
A wizard comes into view. It is wielding a +0 dagger.
Items here: ) [ ††.
The green ugly thing completely misses you. x2
Your hell rat barely misses the green ugly thing.
Things that are here:
a +0 great mace; a +0 animal skin; an ogre corpse You hit the green ugly thing.
You burn the green ugly thing. You claw the green ugly thing.
The green ugly thing is lightly wounded.
The green ugly thing barely misses you.
The wizard mumbles some strange words.
The wizard blinks!
You barely miss the green ugly thing. Your kick misses the green ugly thing.
You peck the green ugly thing!
The green ugly thing is moderately wounded.
Your hell rat bites the green ugly thing!!
Your hell rat drains the green ugly thing.
You slice the green ugly thing!! You burn the green ugly thing!
You kill the green ugly thing!
Cheibriados appreciates the change of pace.
The wizard shouts, "Entram moth deg ulag!"
The wizard points at you and mumbles some strange words.
The fireball explodes!
The fireball engulfs you!!!
You die...

#...# #...#
#...########
...
#...........
.p.
#..#########
... #..#
###'#######..#
....§r....#..#
...u.@))))#..#
.#####'#..#..#
...#.)'..#
.....#..#..#
.....#..#..#
.....#..#..#
#..#..# #..
...


You could see a purple ugly thing (ally target), a wizard and a friendly hell
rat.

Vanquished Creatures
  Mara (Elf:3)
  Saint Roka (Elf:3)
  Jorgrun (Elf:2)
  3 deep elf blademasters (Elf:3)
  2 quicksilver dragons (Snake:4)
  A deep elf master archer (Elf:3)
  Kirke (D:12)
  Gastronok (Lair:3)
  3 nagarajas (Snake:4)
  Roxanne (Elf:3)
  2 frost giants
  Ilsuiw (Shoals:4)
  A deep elf sorcerer (Elf:3)
  5 deep elf elementalists (Elf:3)
  3 ironbound preservers
  2 ironbound thunderhulks (Vaults:1)
  2 very ugly things (D:15)
  5 deep elf demonologists (Elf:3)
  Azrael (D:12)
  Nessos (Orc:2)
  4 deep elf annihilators (Elf:3)
  A minotaur (Gauntlet)
  5 deep elf death magi (Elf:3)
  Josephine (Orc:1)
  2 merfolk javelineers (Shoals:4)
  2 great orbs of eyes (Vaults:1)
  9 merfolk impalers
  A rakshasa (D:13)
  2 yaktaur captains (Vaults:1)
  4 vault guards (Vaults:1)
  7 hydras
  5 deep elf high priests
  A merfolk avatar (Shoals:2)
  6 salamander tyrants
  2 ogre magi
  The ghost of LeafLetters the Basher, a journeyman DsGl of Kikubaaqudgha (Orc:1)
  3 catoblepae (Lair:5)
  3 alligator snapping turtles
  4 two-headed ogres
  21 centaur warriors
  3 merfolk aquamancers (Shoals:4)
  5 boulder beetles
  27 dancing weapons
  9 anacondas
  3 satyrs
  17 death yaks
  7 naga sharpshooters
  A tengu warrior (D:13)
  7 naga warriors
  5 orc high priests (Orc:2)
  Sonja (Orc:1)
  3 shock serpents
  Urug (Lair:5)
  17 deep elf knights
  3 salamander mystics
  2 skysharks
  14 sea snakes
  8 deep trolls (Vaults:1)
  9 harpies
  2 naga ritualists (Snake:4)
  3 glowing orange brains
  A wizard (D:14)
  16 deep elf archers
  19 deep elf zephyrmancers
  An ironbound convoker (Vaults:1)
  38 deep elf pyromancers
  6 lindwurms
  7 mana vipers
  A phantasmal warrior (D:13)
  An orc sorcerer (Elf:3)
  15 fauns
  13 salamanders
  8 orc knights
  8 ugly things
  13 cyclopes
  10 elephants (Lair:5)
  9 manticores
  3 ice statues (IceCv)
  8 merfolk sirens (Shoals:4)
  5 naga magi
  2 slime creatures (D:15)
  39 black mambas
  4 guardian serpents
  5 water nymphs
  2 gargoyles (D:12)
  An unseen horror (shapeshifter) (D:15)
  2 unseen horrors (D:13)
  8 cane toads
  3 rime drakes
  A cane toad (shapeshifter) (D:13)
  2 komodo dragons (shapeshifter)
  An efreet (D:14)
  A freezing wraith (IceCv)
  2 yaktaurs
  3 komodo dragons
  7 trolls
  2 tengu conjurers (D:13)
  The ghost of fearitself the Cudgeller, a novice VSWn (D:5)
  25 merfolk
  2 queen bees
  4 polar bears
  7 meliai
  5 wind drakes
  Grinder (D:5)
  19 blink frogs
  6 snapping turtles
  9 dream sheep
  A centaur simulacrum (D:15)
  9 water elementals
  A shadow (D:13)
  3 wyverns
  An air elemental (Elf:1)
  60 yaks
  8 wraiths
  6 fire elementals
  6 hogs (D:12)
  6 basilisks
  3 steam dragons
  6 vampire mosquitoes
  A death yak simulacrum (IceCv)
  19 nagas
  3 swamp worms (Gauntlet)
  A harpy simulacrum (IceCv)
  A hydra simulacrum (IceCv)
  3 wargs
  An acid dragon (D:9)
  2 hell hounds (D:12)
  15 water moccasins
  An ice beast (D:5)
  55 orc warriors
  4 black bears
  A sky beast (D:7)
  14 wolves
  16 ogres
  19 centaurs
  A phantom (D:6)
  Blork the orc (D:5)
  4 kobold brigands
  8 bullfrogs
  6 scorpions
  2 cane toad simulacra
  2 necrophages
  3 earth elementals (Elf:1)
  2 gnoll sergeants
  8 wights
  53 killer bees
  2 elephant simulacra
  8 howler monkeys
  2 electric eels
  6 hounds
  A jelly (D:5)
  A gnoll bouda (D:10)
  30 orc priests
  Jessica (D:3)
  3 iguanas
  20 orc wizards
  6 hell rats
  4 polar bear simulacra
  2 wolf simulacra
  A gnoll (shapeshifter) (Elf:1)
  15 gnolls
  4 adders
  A river rat (D:11)
  A shadow imp (D:6)
  2 white imps
  2 ufetubi
  3 dart slugs
  113 orcs
  6 ball pythons
  6 bats
  12 endoplasms
  5 giant cockroaches
  8 goblins
  6 hobgoblins
  4 jackals (D:4)
  3 quokkas
  3 frilled lizards
  23 kobolds
  15 rats
  A plant (Shoals:3)
1291 creatures vanquished.

Vanquished Creatures (collateral kills)
  A two-headed ogre (Orc:1)
  A boulder beetle (Vaults:1)
  An orc knight (Orc:2)
  A water nymph (Shoals:2)
  A black mamba (Snake:1)
  A dream sheep (Shoals:4)
  A yak (D:11)
  A naga (Snake:4)
  A water moccasin (D:5)
  An ogre (D:5)
  A centaur (D:7)
  An orc priest (D:11)
  An orc (D:4)
  A jackal (D:5)
14 creatures vanquished.

Vanquished Creatures (others)
  A merfolk aquamancer (Shoals:4)
  A deep elf pyromancer (Elf:1)
  A fire elemental (Elf:2)
  A human (D:5)
  A killer bee (D:13)
  An orc wizard (D:10)
  A kobold (D:8)
  A bush (Lair:2)
  27 fungi
  86 plants
121 creatures vanquished.

Grand Total: 1426 creatures vanquished

Notes
Turn   | Place    | Note
-------+----------+-------------------------------------------
     0 | D:1      | PurpleRed the Tengu Fighter began the quest for the Orb.
     0 | D:1      | Reached XP level 1. HP: 14/14 MP: 2/2
     6 | D:1      | Noticed a water moccasin
     6 | D:1      | Noticed a hound
     6 | D:1      | Noticed an iguana
   126 | D:1      | Reached skill level 1 in Dodging
   126 | D:1      | Reached XP level 2. HP: 19/19 MP: 3/3
   619 | D:1      | Reached XP level 3. HP: 23/23 MP: 4/4
   828 | D:2      | Found Caq Uru's Jewellery Shop.
   937 | D:2      | Reached XP level 4. HP: 24/29 MP: 5/5
  1064 | D:2      | Found Miusei's Book Boutique.
  1082 | D:2      | Found Usocics's Antique Weapon Shop.
  1450 | D:3      | Gained mutation: Your magical nature lets you fly swiftly
                  | and evasively. [Tengu growth]
  1450 | D:3      | Reached XP level 5. HP: 34/34 MP: 6/6
  1609 | D:3      | Found a shadowy altar of Dithmenos.
  1626 | D:3      | Found a basalt altar of Yredelemnul.
  1744 | D:3      | Found a bloodstained altar of Trog.
  1759 | D:3      | Noticed Jessica
  1902 | D:3      | Found the +2 ratskin cloak {*Rats rPois rN+ Str-1 Int-1
                  | Dex+1}
  1909 | D:3      | Killed Jessica
  1910 | D:3      | Reached skill level 5 in Fighting
  1910 | D:3      | Reached XP level 6. HP: 33/40 MP: 7/7
  2192 | D:4      | Noticed a black bear
  2412 | D:4      | Killed a black bear
  2413 | D:4      | Reached skill level 5 in Dodging
  2413 | D:4      | Reached XP level 7. HP: 46/46 MP: 8/8
  2519 | D:4      | Found a staircase to the Ecumenical Temple.
  2541 | Temple   | Entered the Ecumenical Temple
  2618 | D:5      | Entered Level 5 of the Dungeon
  2800 | D:6      | Found a sparkling altar of Nemelex Xobeh.
  2871 | D:6      | Identified a scroll of acquirement
  2929 | D:6      | Reached XP level 8. HP: 52/52 MP: 9/9
  3005 | D:6      | Found a white marble altar of Elyvilon.
  3005 | D:6      | Found a glowing golden altar of the Shining One.
  3152 | D:5      | Noticed Grinder
  3153 | D:5      | Paralysed by Grinder for 5 turns
  3171 | D:5      | Killed Grinder
  3252 | D:6      | Found a shimmering blue altar of Sif Muna.
  3313 | D:6      | Reached XP level 9. HP: 60/60 MP: 10/10
  3377 | D:6      | Found a snail-covered altar of Cheibriados.
  3386 | D:6      | Became a worshipper of Cheibriados the Contemplative
  3427 | D:6      | Reached skill level 1 in Spellcasting
  3568 | D:5      | Found an ancient bone altar of Kikubaaqudgha.
  3612 | D:5      | Reached skill level 1 in Long Blades
  3719 | D:5      | Found a runed translucent gate.
  3719 | D:5      | Found a runed translucent gate.
  3719 | D:5      | Found a runed translucent gate.
  3722 | D:5      | Noticed fearitself's ghost (novice VSWn)
  3734 | D:5      | Noticed Ijyb
  3738 | D:5      | Ijyb changed into Ijyb the giant cockroach
  3738 | D:5      | Noticed Ijyb
  3744 | D:5      | Killed Ijyb the giant cockroach
  3918 | D:5      | Noticed Blork the orc
  3932 | D:5      | Killed Blork the orc
  4034 | D:5      | Killed fearitself's ghost
  4035 | D:5      | Reached skill level 5 in Long Blades
  4174 | D:7      | Reached * piety under Cheibriados
  4250 | D:7      | Found Rojuh's Magic Scroll Shop.
  4258 | D:7      | Bought a scroll of brand weapon for 133 gold pieces
  4258 | D:7      | Bought a scroll of identify for 28 gold pieces
  4258 | D:7      | Bought a scroll of identify for 28 gold pieces
  4261 | D:7      | Bought a scroll of identify for 28 gold pieces
  4329 | D:7      | Found a flagged portal.
  4353 | Bailey   | Entered a bailey
  4485 | Bailey   | Reached XP level 10. HP: 65/65 MP: 13/13
  4681 | Bailey   | Reached ** piety under Cheibriados
  4728 | Bailey   | Reached skill level 10 in Long Blades
  4738 | Bailey   | Reached skill level 1 in Air Magic
  4809 | Bailey   | Reached skill level 2 in Air Magic
  5019 | D:7      | Acquired the +2 hat "Yxkeefan" {Str+4}
  5067 | D:7      | Reached skill level 3 in Air Magic
  5669 | D:8      | Reached skill level 4 in Air Magic
  5685 | D:8      | Reached *** piety under Cheibriados
  5727 | D:8      | Reached skill level 5 in Air Magic
  5779 | D:8      | Found a transporter.
  5782 | D:8      | Found a transporter.
  5784 | D:8      | Found a transporter.
  5916 | D:8      | Found a transporter.
  5979 | D:8      | Found a glowing silver altar of Zin.
  5981 | D:8      | Found a hazy altar of Hepliaklqana.
  5984 | D:8      | Found an iron altar of Okawaru.
  6209 | D:8      | Reached skill level 6 in Air Magic
  6228 | D:8      | Reached **** piety under Cheibriados
  6333 | D:8      | Reached XP level 11. HP: 69/69 MP: 17/19
  6340 | D:8      | Reached skill level 5 in Spellcasting
  6344 | D:8      | Reached skill level 7 in Air Magic
  6352 | D:8      | Learned a level 2 spell: Static Discharge
  6358 | D:8      | Learned a level 5 spell: Arcjolt
  6364 | D:8      | Learned a level 5 spell: Lightning Bolt
  6781 | D:9      | Reached skill level 1 in Conjurations
  7035 | D:9      | Noticed a two-headed ogre
  7043 | D:9      | Killed a two-headed ogre
  7044 | D:9      | Reached skill level 8 in Air Magic
  7237 | D:9      | Noticed a boulder beetle
  7250 | D:9      | Killed a boulder beetle
  7527 | D:10     | Entered Level 10 of the Dungeon
  7535 | D:10     | Reached ***** piety under Cheibriados
  7694 | D:10     | Noticed a two-headed ogre
  7703 | D:10     | Killed a two-headed ogre
  7766 | D:10     | Found a staircase to the Orcish Mines.
  7789 | D:10     | Acquired PurpleRed's Book of Pneumatic Degeneration
  7796 | D:10     | Learned a level 4 spell: Airstrike
  8013 | D:10     | Found a broken altar of Ashenzari.
  8135 | D:10     | Reached skill level 9 in Air Magic
  8387 | D:11     | Reached skill level 5 in Conjurations
  8395 | D:11     | Reached skill level 10 in Fighting
  8521 | D:11     | Noticed a death yak
  8658 | D:11     | Noticed a two-headed ogre
  8670 | D:11     | Killed a two-headed ogre
  8846 | D:11     | Noticed a death yak
  8860 | D:11     | Killed a death yak
  8861 | D:11     | Reached skill level 10 in Air Magic
  8865 | D:11     | Noticed a death yak
  8879 | D:11     | Killed a death yak
  8880 | D:11     | Reached XP level 12. HP: 78/78 MP: 22/22
  8887 | D:11     | Killed a death yak
  8907 | D:11     | Found a staircase to the Lair.
  9263 | Lair:1   | Entered Level 1 of the Lair of Beasts
  9986 | Lair:1   | Noticed a death yak
  9986 | Lair:1   | Noticed a death yak
  9999 | Lair:1   | Noticed a death yak
 10001 | Lair:1   | Killed a death yak
 10006 | Lair:1   | Killed a death yak
 10010 | Lair:1   | Killed a death yak
 10094 | Lair:2   | Found a staircase to the Snake Pit.
 10103 | Lair:2   | Reached skill level 10 in Conjurations
 10105 | Lair:2   | Reached ****** piety under Cheibriados
 10286 | Lair:2   | Found a gate leading to a gauntlet.
 10297 | Gauntlet | Entered a Gauntlet
 10297 | Gauntlet | Found a transporter.
 10297 | Gauntlet | Found a transporter.
 10302 | Gauntlet | Found a transporter.
 10317 | Gauntlet | Found a transporter.
 10319 | Gauntlet | Found a large runed translucent door.
 10320 | Gauntlet | Found a large runed translucent door.
 10320 | Gauntlet | Noticed a soul eater
 10321 | Gauntlet | Found a large runed translucent door.
 10321 | Gauntlet | Found a large runed translucent door.
 10331 | Gauntlet | Found a transporter.
 10344 | Gauntlet | Found a transporter.
 10346 | Gauntlet | Found a large runed translucent door.
 10347 | Gauntlet | Found a large runed translucent door.
 10363 | Gauntlet | Found a transporter.
 10442 | Gauntlet | Found a transporter.
 10452 | Gauntlet | Found a transporter.
 10470 | Gauntlet | Found a transporter.
 10479 | Gauntlet | Found a transporter.
 10498 | Gauntlet | Found a transporter.
 10572 | Gauntlet | Found a transporter.
 10573 | Gauntlet | Found a transporter.
 10574 | Gauntlet | Found a large runed translucent door.
 10575 | Gauntlet | Found a large runed translucent door.
 10576 | Gauntlet | Found a large runed translucent door.
 10576 | Gauntlet | Found a large runed translucent door.
 10576 | Gauntlet | Found a runed translucent door.
 10577 | Gauntlet | Found a runed translucent door.
 10577 | Gauntlet | Found a large runed translucent door.
 10578 | Gauntlet | Found a large runed translucent door.
 10578 | Gauntlet | Found a large runed translucent door.
 10578 | Gauntlet | Found a large runed translucent door.
 10579 | Gauntlet | Found a large runed translucent door.
 10579 | Gauntlet | Found a large runed translucent door.
 10580 | Gauntlet | Found a runed translucent gate.
 10580 | Gauntlet | Found a runed translucent gate.
 10582 | Gauntlet | Found a transporter.
 10582 | Gauntlet | Found a transporter.
 10591 | Gauntlet | Found a runed translucent gate.
 10772 | Gauntlet | Reached XP level 13. HP: 86/86 MP: 4/27
 10944 | Gauntlet | Noticed a minotaur
 10950 | Gauntlet | Killed a minotaur
 10958 | Gauntlet | Identified the +1 ring mail "Hecohoan" {rElec rCorr Int+3}
 11110 | Lair:2   | Identified the +2 robe of Ru's Brutal Revenge {Rampage
                  | Str+5}
 11545 | Lair:2   | Found a staircase to the Shoals.
 11717 | Lair:3   | Reached skill level 10 in Spellcasting
 11717 | Lair:3   | Reached skill level 11 in Air Magic
 11732 | Lair:3   | Noticed Gastronok
 11756 | Lair:3   | Killed Gastronok
 11889 | Lair:3   | Found a frozen archway.
 11915 | IceCv    | Entered an ice cave
 11972 | IceCv    | Identified the +1 hand axe of Peace {elec, Will- rCorr
                  | Int+8}
 12246 | IceCv    | Identified the +10 dire flail of Fedhas's Whim {flame,
                  | Will+}
 12252 | IceCv    | Identified the +0 dire flail "Wuceyc" {heavy, Will- Int+3
                  | Dex+3 SInv}
 12813 | Lair:4   | Noticed Rupert
 12855 | Lair:4   | Reached skill level 10 in Dodging
 12893 | Lair:4   | Reached XP level 14. HP: 86/95 MP: 29/29
 12907 | Lair:4   | Reached skill level 12 in Air Magic
 13107 | Lair:5   | Entered Level 5 of the Lair of Beasts
 13248 | Lair:5   | Reached skill level 13 in Air Magic
 13823 | Lair:5   | Reached skill level 14 in Air Magic
 14090 | Lair:5   | Noticed Urug
 14096 | Lair:5   | Killed Urug
 14483 | D:2      | Bought a book of Fire for 300 gold pieces
 14489 | D:2      | Learned a level 5 spell: Fireball
 14496 | D:2      | Learned a level 6 spell: Starburst
 14596 | D:7      | Bought a scroll of magic mapping for 105 gold pieces
 14782 | D:12     | Noticed Azrael
 14792 | D:12     | Killed Azrael
 14793 | D:12     | Reached skill level 1 in Fire Magic
 14793 | D:12     | Reached XP level 15. HP: 94/100 MP: 6/31
 15274 | D:12     | Noticed Kirke
 15284 | D:12     | Killed Kirke
 15725 | Orc:1    | Entered Level 1 of the Orcish Mines
 15725 | Orc:1    | Found Irecseix's Distillery.
 15764 | Orc:1    | Bought a potion of heal wounds for 85 gold pieces
 15764 | Orc:1    | Bought a potion of heal wounds for 85 gold pieces
 15766 | Orc:1    | Bought a potion of mutation for 136 gold pieces
 15766 | Orc:1    | Bought a potion of mutation for 136 gold pieces
 15766 | Orc:1    | Bought a potion of magic for 136 gold pieces
 15898 | Orc:1    | Found Piagoen's Distillery.
 15909 | Orc:1    | Found a runed translucent gate.
 15909 | Orc:1    | Found a runed translucent gate.
 15909 | Orc:1    | Found a runed translucent gate.
 15911 | Orc:1    | Found an opulent altar of Gozag.
 15912 | Orc:1    | Noticed LeafLetters's ghost (journeyman DsGl)
 15915 | Orc:1    | Found Xiarr's Assorted Antiques.
 15925 | Orc:1    | Killed LeafLetters's ghost
 16235 | Orc:2    | Entered Level 2 of the Orcish Mines
 16254 | Orc:2    | Noticed Nessos
 16262 | Orc:2    | Killed Nessos
 16301 | Orc:2    | Found Okhluw's Jewellery Shoppe.
 16320 | Orc:2    | Found a staircase to the Elven Halls.
 16612 | Orc:2    | Reached skill level 15 in Conjurations
 16620 | Orc:2    | Reached skill level 15 in Air Magic
 16620 | Orc:2    | Reached skill level 1 in Invocations
 16626 | Orc:2    | Reached skill level 15 in Fighting
 17003 | Orc:2    | Found Buwoomoi's Weapon Emporium.
 17003 | Orc:2    | Found Hilealast's General Store.
 17004 | Orc:2    | Found Agronwif's Antique Armour Shoppe.
 17004 | Orc:2    | Found Sadaany's Magic Scroll Emporium.
 17018 | Orc:2    | Bought a scroll of acquirement for 728 gold pieces
 17018 | Orc:2    | Acquired 892 gold pieces
 17082 | Orc:2    | Bought the ring of Accord {rPois rCorr Int+3 Dex+6} for 886
                  | gold pieces
 17317 | Orc:1    | Noticed Josephine
 17325 | Orc:1    | Killed Josephine
 17326 | Orc:1    | Reached skill level 5 in Fire Magic
 17420 | Orc:1    | Noticed Sonja
 17431 | Orc:1    | Killed Sonja
 17733 | Orc:2    | Bought a potion of experience for 650 gold pieces
 17733 | Orc:2    | Reached XP level 16. HP: 108/108 MP: 33/33
 18014 | D:13     | Reached XP level 17. HP: 110/113 MP: 16/34
 18016 | D:13     | Found a gate to the Vaults.
 18470 | D:13     | Noticed Erolcha
 18500 | D:13     | Reached skill level 5 in Invocations
 18841 | D:14     | Learned a level 4 spell: Iskenderun's Mystic Blast
 18850 | D:14     | Learned a level 8 spell: Maxwell's Capacitive Coupling
 19474 | D:15     | Entered Level 15 of the Dungeon
 19524 | D:15     | Noticed Louise
 19528 | D:15     | Found a staircase to the Depths.
 19951 | Snake:1  | Entered Level 1 of the Snake Pit
 20194 | Snake:1  | Found a sacrificial altar of Ru.
 20197 | Snake:1  | Found Ipnoavae's Vocational Training.
 20644 | Snake:1  | Identified the +4 halberd "Oricok" {antimagic, rN+ rCorr
                  | Int+2}
 21103 | Snake:2  | Found Onlergh's Book Boutique.
 21127 | Snake:2  | Found Ginaix's Assorted Antiques.
 21130 | Snake:2  | Found Nemnon's Assorted Antiques.
 21473 | Snake:2  | Found the +3 salamander hide armour {Flames, rFlCloud rF++
                  | rC--}
 21832 | Snake:3  | Reached XP level 18. HP: 113/120 MP: 24/35
 21850 | Snake:3  | Reached skill level 10 in Fire Magic
 22048 | Snake:3  | Found a runed translucent gate.
 22048 | Snake:3  | Found a runed translucent gate.
 22048 | Snake:3  | Found a runed translucent gate.
 22056 | Snake:3  | Noticed Dadghomedgh's ghost (adept GnHW)
 22310 | Snake:4  | Entered Level 4 of the Snake Pit
 23146 | Snake:4  | Noticed a quicksilver dragon
 23147 | Snake:4  | Noticed a quicksilver dragon
 23154 | Snake:4  | Killed a quicksilver dragon
 23154 | Snake:4  | Killed a quicksilver dragon
 23182 | Snake:4  | Got a serpentine rune of Zot
 23201 | Snake:4  | Reached skill level 16 in Air Magic
 23618 | Orc:2    | Bought a ring of willpower for 375 gold pieces
 23650 | Elf:1    | Entered Level 1 of the Elven Halls
 24029 | Elf:1    | Found a portal to a secret trove of treasure.
 24238 | Elf:1    | Reached skill level 5 in Armour
 24700 | Elf:2    | Reached XP level 19. HP: 123/125 MP: 29/37
 24838 | Elf:2    | Found a flickering gateway to a bazaar.
 24848 | Bazaar   | Entered a bazaar
 24855 | Bazaar   | Found Oseme's Antique Weapon Shoppe.
 24860 | Bazaar   | Found Tynnom's Antique Weapon Emporium.
 24869 | Bazaar   | Found Jupuampu's Antique Armour Shoppe.
 24872 | Bazaar   | Found Kentiu Xavou's Antique Armour Emporium.
 24937 | Bazaar   | Bought a heavily jewelled robe for 136 gold pieces
 24937 | Bazaar   | Identified the +1 robe of Kekleate {rElec Will+ Int-4} (You
                  | bought it in a shop in a bazaar)
 24947 | Bazaar   | Bought a distressingly furry robe for 165 gold pieces
 24947 | Bazaar   | Identified the +0 robe of Hulant {+Blink +Inv rF- Dex-3}
                  | (You bought it in a shop in a bazaar)
 25082 | Elf:2    | Reached skill level 17 in Air Magic
 25158 | Elf:2    | Found a huge runed translucent gate.
 25159 | Elf:2    | Found a huge runed translucent gate.
 25160 | Elf:2    | Found a huge runed translucent gate.
 25172 | Elf:2    | Found a huge runed translucent gate.
 25172 | Elf:2    | Found a huge runed translucent gate.
 25237 | Elf:2    | Noticed Jorgrun
 25244 | Elf:2    | Killed Jorgrun
 25357 | Elf:2    | Identified the +2 pair of gloves of Plasticity {Contam
                  | Str-5 Int+8 Dex+5}
 26003 | Elf:3    | Entered Level 3 of the Elven Halls
 26014 | Elf:3    | Noticed Saint Roka
 26046 | Elf:3    | Killed Saint Roka
 26104 | Elf:3    | Noticed Mara
 26132 | Elf:3    | Killed Mara
 26133 | Elf:3    | Reached skill level 18 in Air Magic
 26307 | Elf:3    | Found Lampupaj's Weapon Emporium.
 26308 | Elf:3    | Identified Roxanne's Folio of Scree
 26308 | Elf:3    | Noticed Roxanne
 26328 | Elf:3    | Killed Roxanne
 26683 | Elf:3    | Identified the ring of Disitwaq {Drain rPois rC- Int+7
                  | Slay+4}
 26789 | Elf:3    | Identified the +1 bardiche of Youthful Indiscretion {vamp,
                  | Int+2}
 26789 | Elf:3    | Identified the ring "Gynt" {rC+++ rN+ Str-5 Int+6 Slay+6}
 26808 | Elf:3    | Identified the +8 whip "Onges" {vamp, Fly rElec rPois
                  | Will+}
 26853 | Elf:3    | Reached XP level 20. HP: 45/131 MP: 7/39
 27021 | Elf:3    | Gained mutation: Armour fits poorly on your strangely
                  | shaped body. [a cacodemon]
 27023 | Elf:3    | Reached skill level 19 in Air Magic
 27124 | Elf:3    | Identified the +1 storm dragon scales of Xeamuegg {+Blink
                  | rElec rPois Will- Str+3}
 27176 | Elf:3    | Got Ewnoefou's Almanac of Grounded Spellbinding
 27180 | Elf:3    | Identified the +5 ring mail "Waobb" {+Inv rF+}
 27483 | Shoals:1 | Entered Level 1 of the Shoals
 28411 | Shoals:2 | Reached skill level 5 in Shields
 28411 | Shoals:2 | Reached skill level 15 in Spellcasting
 28536 | Shoals:2 | Learned a level 3 spell: Vhi's Electric Charge
 28543 | Shoals:2 | Learned a level 6 spell: Iron Shot
 28679 | Shoals:2 | Reached skill level 1 in Earth Magic
 29415 | Shoals:3 | Found Saulae's Assorted Antiques.
 29418 | Shoals:3 | Bought a scroll of enchant weapon for 277 gold pieces
 30076 | Shoals:4 | Entered Level 4 of the Shoals
 30209 | Shoals:4 | Reached skill level 20 in Air Magic
 30241 | Shoals:4 | Noticed Ilsuiw
 30246 | Shoals:4 | Killed Ilsuiw
 30489 | Shoals:4 | Got a barnacled rune of Zot
 30770 | Shoals:4 | Reached skill level 10 in Shields
 31566 | Vaults:1 | Entered Level 1 of the Vaults
 31622 | Vaults:1 | Reached skill level 5 in Earth Magic
 31818 | Vaults:1 | Reached XP level 21. HP: 56/136 MP: 23/41
 32136 | Vaults:1 | Killed from afar by a wizard

Illustrated notes

Levels and vault maps discovered:
D:1:      onia_arrival_zoo_common, layout_basic
D:2:      layout_loops_cross, serial_shops, shop, nicolae_shop_statue_plus,
          nicolae_shop_statue_plus, minmay_tromino_v7
D:3:      layout_loops_ring, mainiacjoe_overflow_brackets,
          mainiacjoe_overflow_catwalk_spiral, uniq_jessica
D:4:      layout_gridville, minmay_temple_entry_crystal_x,
          kennysheep_nondescript
D:5:      layout_cave_pools, tgw_kikubaaqudgha, gammafunk_ghost_nasty_kobolds,
          uniq_ijyb, uniq_grinder, uniq_blork_the_orc
D:6:      layout_loops_ring, mainiacjoe_overflow_divided_tiny, led_sif_pool,
          kennysheep_slug_shrine, nemelex_dance_club_becter
D:7:      layout_cave_pods, enter_bailey_6, serial_shops, nicolae_lakefront_shop
D:8:      layout_basic, grunt_temple_overflow_diamond,
          nicolae_diode_intersection
D:9:      layout_loops_cross
D:10:     layout_irregular_city, mainiacjoe_overflow_small_starburst,
          orc_0_dummy, eino_jars
D:11:     layout_rooms, dpeg_lair_monsters, st_stairs_14
D:12:     layout_irregular_city, uniq_kirke, uniq_azrael
D:13:     regret_index_wax_grids, layout_loops_ring,
          skrybe_vaults_entry_preservation, uniq_erolcha
D:14:     layout_basic, kennysheep_generic_room_11
D:15:     gammafunk_enter_depths_forms, layout_loops_corners, uniq_louise
Temple:   compressed_dpeg_triangle_lava_temple
Lair:1:   layout_cave_pods
Lair:2:   layout_chaotic_city, elwin_shoals_entry_rooms, dummy_snake_entry,
          gauntlet_entry_generic
Lair:3:   layout_loops_ring, portal_ice_cave_entry_ice_simulacra,
          infiniplex_staircase_pool_2, grunt_megastairs_3, uniq_gastronok
Lair:4:   layout_gridlike, minmay_slime_entry_oklob_enclosed,
          lemuel_fruit_fields, uniq_rupert, uniq_snorg
Lair:5:   evilmike_catoblepas_cave, layout_hall_layers, serial_bayou_shore_a,
          uniq_urug
Shoals:1: layout_shoals
Shoals:2: layout_shoals
Shoals:3: layout_shoals, serial_shops, nicolae_stop_n_shop_1
Shoals:4: shoals_end_grunt_ice, layout_shoals, shoals_ilsuiw_alternative
Snake:1:  layout_honeycomb, basic_altar, nicolae_shop_vocational
Snake:2:  layout_rooms, hellmonk_guarded_unrand_salamander, minmay_shop_star
Snake:3:  layout_misc_corridors, gammafunk_ghost_necromancy,
          hangedman_venom_bottle
Snake:4:  hellmonk_snake_rune_quicksilver_temple, layout_gridlike, special_room
Orc:1:    layout_caves, basic_altar, ebering_ghost_gozag, serial_shops,
          nicolae_shop_waterfront, shop, nicolae_orc_pool_cavern,
          mines_bat_river, uniq_josephine, uniq_sonja
Orc:2:    st_orc_pillars, layout_caves, serial_shops, nicolae_square_shop,
          uniq_nessos
Elf:1:    eino_elf_arrival_shootout, layout_geoelf_grid,
          nicolae_trove_entry_columns, hangedman_corner_corridor
Elf:2:    elven_hall_of_blades_hangedman_alternative
          [nicolae_blade_entry_diamond_columns], layout_geoelf_grid,
          serial_shops, freezing_bzr, uniq_jorgrun
Elf:3:    minmay_elf_hall_not_hex, layout_rooms, serial_shops, shop,
          uniq_saint_roka, uniq_roxanne, uniq_mara
Vaults:1: nicolae_vaults_little_squares_3, vaults_room_grunt_arrival_checkpoint,
          nicolae_vaults_yaktaur_gun_rack, vaults_room_ringed_pool, v_misc_5,
          v_misc_3, vaults_room_grunt_arrival_ludios, vaults_dpeg_diagonal,
          vaults_mumra_chevron, nicolae_vaults_what_the_h,
          layout_vaults_omnicross

Skill      XL: |  1  2  3  4  5  6  7  8  9 10 11 12 13 14 15 16 17 18 19 20 21 |
---------------+----------------------------------------------------------------+-----
Dodging        | 1 2 3 4 5 6 8 10 11 12 | 12.0
Fighting       | 4 5 6 8 10 12 13 14 15 16 | 16.0
Spellcasting   | 1 4 6 9 10 11 12 13 14 15 | 15.0
Long Blades    | 8 10 12 14 | 14.0
Air Magic      | 6 10 11 14 15 16 18 20 | 20.0
Conjurations   | 7 10 11 14 15 17 | 17.6
Fire Magic     | 1 6 9 10 | 10.0
Invocations    | 3 4 7 8 |  8.0
Armour         | 5 6 |  6.0
Shields        | 10 | 10.0
Earth Magic    | 6 7 |  7.4
Polearms       | |  2.1

Action                     |  1- 3 |  4- 6 |  7- 9 | 10-12 | 13-15 | 16-18 | 19-21 || total
---------------------------+-------+-------+-------+-------+-------+-------+-------++-------
  Melee: Trident           |    63 |   115 |   153 |       |       |       |       ||   331
         Kick              |    12 |    22 |    76 |   196 |   324 |   347 |   299 ||  1276
         Peck              |     5 |    12 |    47 |   120 |   193 |   206 |   179 ||   762
         Unarmed           |       |       |     4 |       |       |       |       ||     4
         Falchion          |       |       |   118 |   516 |   665 |   319 |       ||  1618
         Staff             |       |       |       |       |    14 |       |       ||    14
         Scimitar          |       |       |       |       |    11 |   380 |   174 ||   565
         Demon blade       |       |       |       |       |       |       |   430 ||   430
  Throw: Boomerang         |       |     6 |       |     1 |       |       |       ||     7
         Dart              |       |       |       |    10 |     1 |       |       ||    11
   Cast: Static Discharge  |       |       |       |     5 |     1 |       |       ||     6
         Arcjolt           |       |       |       |    10 |    75 |    78 |    73 ||   236
         Airstrike         |       |       |       |     2 |     2 |       |       ||     4
         Lightning Bolt    |       |       |       |       |    30 |     4 |     6 ||    40
         Iskenderun's Myst |       |       |       |       |       |     2 |     5 ||     7
         Vhi's Electric Ch |       |       |       |       |       |       |    38 ||    38
 Invoke: Slouch            |       |       |       |       |       |       |     1 ||     1
  Evoke: Wand              |       |     1 |     7 |     4 |     1 |       |     9 ||    22
    Use: Potion            |     1 |       |     1 |     1 |     2 |     1 |     7 ||    13
         Scroll            |       |       |    17 |    11 |     4 |     5 |     4 ||    41
   Stab: Invisible         |       |     2 |     1 |     2 |       |       |     9 ||    14
         Distracted        |       |       |       |     2 |     1 |     2 |     1 ||     6
         Sleeping          |       |       |       |     2 |       |     4 |     7 ||    13
 Armour: Ring mail         |     9 |    15 |    58 |    29 |       |    48 |       ||   159
         Skin              |       |       |    11 |       |       |       |       ||    11
         Pearl dragon scal |       |       |       |    49 |    96 |    69 |       ||   214
         Robe              |       |       |       |       |       |    13 |    49 ||    62
  Dodge: Dodged            |    18 |    58 |   243 |   446 |   717 |   955 |   593 ||  3030
  Block: Buckler           |     9 |    26 |    78 |   266 |   372 |   446 |   278 ||  1475

Table legend: (Time is in decaauts)
 A = Elapsed time spent in this place.
 B = Non-inter-level travel time spent in this place.
 C = Inter-level travel time spent in this place.
 D = Time resting spent in this place.
 E = Time spent auto-exploring this place.
 F = Levels seen in this place.
 G = Mean time per level.
                   A        B        C        D        E       F      G
               +--------+--------+--------+--------+--------+-----+--------+
         Total |  48717 |  44313 |   4404 |    992 |  26762 |  39 | 1249.2 |
       Dungeon |  17020 |  14994 |   2026 |    288 |   9527 |  15 | 1134.7 |
        Temple |     53 |     46 |      7 |      0 |      5 |   1 |   53.0 |
          Lair |   7014 |   6070 |    944 |      0 |   3734 |   5 | 1402.8 |
        Shoals |   6677 |   6389 |    288 |     30 |   4858 |   4 | 1669.2 |
     Snake Pit |   5813 |   5569 |    244 |     54 |   3858 |   4 | 1453.2 |
  Orcish Mines |   3363 |   2681 |    682 |    187 |   1438 |   2 | 1681.5 |
   Elven Halls |   5321 |   5110 |    211 |    125 |   2469 |   3 | 1773.7 |
        Vaults |    897 |    897 |      0 |      0 |    743 |   1 |  897.0 |
        Bazaar |    260 |    260 |      0 |      0 |      0 |   1 |  260.0 |
        Bailey |    705 |    705 |      0 |     44 |      0 |   1 |  705.0 |
      Ice Cave |    491 |    491 |      0 |    150 |      0 |   1 |  491.0 |
      Gauntlet |   1098 |   1098 |      0 |    114 |    127 |   1 | 1098.0 |
               +--------+--------+--------+--------+--------+-----+--------+

Top non-repeatable levels by time:
Shoals:4: 2074 daAuts
   Orc:2: 2009 daAuts
 Snake:1: 1936 daAuts
  Lair:1: 1903 daAuts
   Elf:2: 1871 daAuts
   Elf:3: 1830 daAuts
 Snake:4: 1815 daAuts
    D:11: 1769 daAuts
Shoals:2: 1762 daAuts
    D:14: 1689 daAuts
Shoals:1: 1675 daAuts
  Lair:2: 1632 daAuts
   Elf:1: 1619 daAuts
     D:8: 1591 daAuts
    D:10: 1545 daAuts
